 Dungeon Crawl Stone Soup version 0.31-a0-175-g9f7f995f2b (webtiles) character file.

Game seed: 1116017549362421771

524 qw the Chopper (level 7, -6/43 HPs)
             Began as a Gargoyle Fighter on June 17, 2023.
             Killed from afar by an oklob plant (16 damage)
             ... with a splash of acid
             ... on level 4 of the Dungeon.
             The game lasted 00:01:48 (3108 turns).

qw the Chopper (Gargoyle Fighter)                   Turns: 3108, Time: 00:01:48

Health: -6/43      AC:  8    Str: 20 (22) XL:     7   Next: 22%
Magic:  7/7        EV:  9    Int:  7 (8)  God:
Gold:   175        SH:  4    Dex:  9      Spells: 6/6 levels left

rFire   . . .        Y - +0 war axe
rCold   + . .        c - +0 buckler
rNeg    + . .        a - +2 scale mail {rC+}
rPois   inf          o - +0 helmet
rElec   +            (no cloak)
rCorr   +            m - +1 pair of gloves
SInv    .            (no boots)
Will    .....        (no amulet) Stlth
                     n - ring of resist corrosion
HPRegen 0.27/turn    (no ring)
MPRegen 0.10/turn

%: no passive effects
@: corroded
A: sickness immunity, AC +4, negative energy resistance 1, electricity
resistance, torment resistance 1, petrification resistance
a: no special abilities


You were on level 4 of the Dungeon.
You visited 1 branch of the dungeon, and saw 4 of its levels.

You collected 175 gold pieces.


Innate Abilities, Weirdness & Mutations

You are immune to sickness and miasma.
Your stone body is resilient. (AC +4)
You are immune to poison.
You resist negative energy. (rN+)
You are resistant to electric shocks. (rElec)
You are resistant to unholy torment.
You are immune to petrification.


   Skills:
 - Level 4.1 Fighting
 + Level 6.1 Axes
 - Level 1.4 Throwing
 - Level 3.2 Armour
 - Level 1.3 Dodging
 - Level 3.2 Shields


You had 6 spell levels left.
You didn't know any spells.
Your spell library was empty.

Inventory:

Hand Weapons
 l - a +0 flail
 Y - a +0 war axe (weapon)
Missiles
 b - a javelin
 k - 5 boomerangs (quivered)
Armour
 a - a +2 scale mail of cold resistance (worn)
 c - a +0 buckler (worn)
 m - a +1 pair of gloves (worn)
 o - a +0 helmet (worn)
Jewellery
 e - a ring of fire
 h - a ring of ice
 n - a ring of resist corrosion (left hand)
Scrolls
 i - a scroll of identify
Potions
 d - 2 potions of might
 f - 2 potions of haste {unknown}
 g - a potion of magic {unknown}
 j - a potion of curing {unknown}
 p - a potion of heal wounds {unknown}

Dungeon Overview and Level Annotations

Branches:
Dungeon (4/15)
 Temple: D:4-7

Altars:
Elyvilon
Fedhas
Yredelemnul

Shops:
D:1 =[[   D:2 (   D:3 (

Annotations:
D:2 1 runed translucent door, Crazy Yiuf


Message History

You hit the oklob plant.
The oklob plant is moderately damaged.
You hit the fungus but do no damage. You hit the oklob plant.
The oklob plant is moderately damaged.
You slash the fungus!
A nearby fungus withers and dies.
You hit the oklob plant.
The oklob plant is moderately damaged.
You hit the oklob plant but do no damage.
The oklob plant is moderately damaged.
You slash the oklob plant!
The oklob plant is heavily damaged.
You completely miss the oklob plant.
The oklob plant is moderately damaged.
You hit the oklob plant but do no damage.
The oklob plant is moderately damaged.
You hit the oklob plant but do no damage.
The oklob plant is moderately damaged.
You hit the oklob plant but do no damage.
The oklob plant is moderately damaged.
You hit the oklob plant but do no damage.
The oklob plant is moderately damaged.
The oklob plant spits acid at you. The splash of acid hits you. You resist.
The acid corrodes you! The oklob plant spits acid at you.
The splash of acid hits you! You resist.
You hit the oklob plant but do no damage.
The oklob plant is moderately damaged.
You hit the oklob plant.
The oklob plant is heavily damaged.
You hit the oklob plant but do no damage.
The oklob plant is heavily damaged.
The oklob plant spits acid at you. The splash of acid hits you! You resist.
The acid corrodes you!
You hit the oklob plant.
The oklob plant is heavily damaged.
The oklob plant spits acid at you. The splash of acid hits you! You resist.
You die...

####.##.#..PP......_.~~~~...
#.....#.#PPPP.~~~~...~~~~)##
#<##..#.#PP7P.~~~~~~~~~~~..P
#.##....#PPP...~~~~~~~~~..P#
#.##....#.PPPP..~~~~~~~..#PP
#.......##7.P#P..~~~~~...7PP
#..##.###7P.............P.PP
#..##...#..........P..7P.#.P
#..######7P@.....PPP.7P.#P.P
##.......#P#..PPPPPPP.7PPPPPP
###.#.###..#PP7PPPPP.#PPPPP#7.P
###..###.#...####################
#...## ##.........####...#####.##
#....###..........'.)............
#.....#.#.........####......##.##
#.#.##.###.......## ##..##:##.#
#.###### ##.....## #.......)##


You could see an oklob plant.

Vanquished Creatures
  Sigmund (D:2)
  A scorpion (D:4)
  A jelly (D:4)
  An orc priest (D:4)
  Ijyb (D:3)
  Terence (D:2)
  An orc wizard (D:4)
  Robin (D:3)
  A gnoll (D:1)
  7 adders
  A worm (D:2)
  3 dart slugs
  6 orcs
  3 ball pythons
  3 bats
  3 endoplasms
  2 giant cockroaches
  17 goblins
  6 hobgoblins
  3 jackals (D:2)
  5 kobolds
  2 quokkas
  5 frilled lizards
  3 rats
78 creatures vanquished.

Notes
Turn   | Place    | Note
-------+----------+-------------------------------------------
     0 | D:1      | qw the Gargoyle Fighter began the quest for the Orb.
     0 | D:1      | Reached XP level 1. HP: 14/14 MP: 1/1
     0 | D:1      | 0 ||| qw: Version: 0.3-a-2-g5ab2908
     0 | D:1      | 0 ||| qw: Game counter: 118
     0 | D:1      | 0 ||| qw: Always use a shield: true
     0 | D:1      | 0 ||| qw: God list: Okawaru
     0 | D:1      | 0 ||| qw: Allow faded altars: false
     0 | D:1      | 0 ||| qw: Do Orc after D:15 true
     0 | D:1      | 0 ||| qw: Do second Lair branch before Depths: true
     0 | D:1      | 0 ||| qw: Lair rune preference: random
     0 | D:1      | 0 ||| qw: Plans: Normal, Zot:1-4, Slime:5, God:TSO, Crypt,
                  | Tomb, Abyss, Pan, Hells, Win
     0 | D:1      | 0 ||| PLANNING D:1-11
    90 | D:1      | Found Cidghall's Antique Armour Boutique.
    93 | D:1      | 93 ||| SHOPLISTING -2 hat of the Alchemist {rElec rPois rF+
                  | rC+ rN+ Will+ rMut rCorr} (1274 gold, have 33).
    93 | D:1      | 93 ||| SHOPLISTING glowing ring mail (189 gold, have 33).
    93 | D:1      | 93 ||| SHOPLISTING kite shield (121 gold, have 33).
    93 | D:1      | 93 ||| SHOPLISTING pair of boots (121 gold, have 33).
    93 | D:1      | 93 ||| SHOPLISTING pair of runed boots (202 gold, have 33).
    93 | D:1      | 93 ||| SHOPLISTING runed scale mail (189 gold, have 33).
    93 | D:1      | 93 ||| SHOPLISTING steaming leather armour (189 gold, have
                  | 33).
   100 | D:1      | Reached skill level 2 in Axes
   137 | D:1      | Found Xeshrau's One-of-a-Kind Rings.
   144 | D:1      | 144 ||| SHOPLISTING +3 ring of evasion (140 gold, have 33).
   144 | D:1      | 144 ||| SHOPLISTING +7 ring of slaying (2416 gold, have
                  | 33).
   144 | D:1      | 144 ||| SHOPLISTING +9 ring of dexterity (1092 gold, have
                  | 33).
   144 | D:1      | 144 ||| SHOPLISTING ring of Bodily Harmony {rF- rN+ rCorr
                  | Dex+2} (397 gold, have 33).
   207 | D:1      | Reached XP level 2. HP: 18/19 MP: 2/2
   336 | D:1      | Found a faded altar of an unknown god.
   363 | D:1      | Found Ymeagry's Armour Shoppe.
   366 | D:1      | 366 ||| SHOPLISTING +0 pair of gloves of hurling (161 gold,
                  | have 58).
   366 | D:1      | 366 ||| SHOPLISTING +2 leather armour of fire resistance
                  | (266 gold, have 58).
   493 | D:1      | 493 ||| Stepping ~*~*~tactically~*~*~ (stealth).
   519 | D:1      | 519 ||| DROPPING +0 club.
   577 | D:1      | 577 ||| UPGRADING to +0 pair of gloves.
   582 | D:1      | 582 ||| READING scroll labelled LUAGEW FEGECE.
   583 | D:1      | 583 ||| READING scroll labelled TEXOIG KIEV.
   605 | D:2      | Reached skill level 3 in Axes
   608 | D:2      | Reached XP level 3. HP: 23/23 MP: 3/3
   618 | D:2      | Noticed Terence
   627 | D:2      | Killed Terence
   659 | D:2      | 659 ||| FLEEEEING.
   686 | D:2      | 686 ||| Stepping ~*~*~tactically~*~*~ (hiding).
   711 | D:2      | Reached XP level 4. HP: 21/28 MP: 4/4
   827 | D:2      | Reached skill level 4 in Axes
   829 | D:2      | Found Neikhiut's Antique Weapon Shoppe.
   886 | D:2      | 886 ||| SHOPLISTING masterwork mace (216 gold, have 120).
  1015 | D:2      | 1015 ||| Stepping ~*~*~tactically~*~*~ (hiding).
  1190 | D:2      | Noticed Sigmund
  1209 | D:2      | Killed Sigmund
  1210 | D:2      | Reached skill level 5 in Axes
  1210 | D:2      | Reached XP level 5. HP: 17/32 MP: 5/5
  1210 | D:2      | Reached XP level 6. HP: 20/37 MP: 6/6
  1334 | D:2      | Found a runed translucent door.
  1335 | D:2      | Noticed Crazy Yiuf
  1480 | D:2      | 1480 ||| UPGRADING to +2 scale mail of cold resistance.
  1490 | D:2      | 1490 ||| DROPPING +0 scale mail.
  1491 | D:2      | 1491 ||| UPGRADING to ring of resist corrosion.
  1492 | D:2      | 1492 ||| READING 2 scrolls labelled SOEGIP XIFEIXAIRCH.
  1493 | D:2      | 1493 ||| READING scroll labelled JEAFEONNAL.
  1494 | D:2      | 1494 ||| READING scroll labelled CALEKHLO ROAPT.
  1495 | D:2      | 1495 ||| DRINKING 2 brown potions.
  1496 | D:2      | 1496 ||| DRINKING 4 green potions.
  1497 | D:2      | 1497 ||| DROPPING potion of brilliance.
  1498 | D:2      | 1498 ||| DROPPING scroll of revelation.
  1499 | D:2      | 1499 ||| DROPPING 3 potions of degeneration.
  1683 | D:3      | Found a white marble altar of Elyvilon.
  1695 | D:3      | Noticed Robin
  1696 | D:3      | 1696 ||| Stepping ~*~*~tactically~*~*~ (hiding).
  1709 | D:3      | Killed Robin
  1797 | D:3      | Found a basalt altar of Yredelemnul.
  1838 | D:3      | Noticed Ijyb
  1854 | D:3      | Killed Ijyb
  1855 | D:3      | Reached skill level 1 in Throwing
  1889 | D:3      | Found Emmaoqid's Weapon Shop.
  1903 | D:3      | 1903 ||| READING scroll of enchant armour.
  1903 | D:3      | 1903 ||| ENCHANTING +0 pair of gloves.
  1907 | D:3      | 1907 ||| SHOPLISTING +9 broad axe "Jetumpae" {antimagic,
                  | *Corrode rPois rC+ Dex+2} (1033 gold, have 144).
  2036 | D:3      | 2036 ||| Stepping ~*~*~tactically~*~*~ (stealth).
  2399 | D:3      | 2399 ||| UPGRADING to +0 helmet.
  2404 | D:3      | 2404 ||| READING scroll labelled AXTEUROTARA.
  2405 | D:3      | 2405 ||| DRINKING 2 fuming yellow potions.
  2509 | D:3      | 2509 ||| DROPPING potion of berserk rage.
  2529 | D:4      | 2529 ||| Stepping ~*~*~tactically~*~*~ (stealth).
  2536 | D:4      | Reached skill level 1 in Dodging
  2536 | D:4      | Reached XP level 7. HP: 42/43 MP: 7/7
  2717 | D:4      | 2717 ||| Stepping ~*~*~tactically~*~*~ (hiding).
  2718 | D:4      | 2718 ||| Stepping ~*~*~tactically~*~*~ (hiding).
  2719 | D:4      | 2719 ||| Stepping ~*~*~tactically~*~*~ (hiding).
  2720 | D:4      | 2720 ||| Stepping ~*~*~tactically~*~*~ (hiding).
  2735 | D:4      | 2735 ||| Stepping ~*~*~tactically~*~*~ (stealth).
  2752 | D:4      | 2752 ||| FLEEEEING.
  2753 | D:4      | 2753 ||| FLEEEEING.
  2754 | D:4      | 2754 ||| FLEEEEING.
  2755 | D:4      | 2755 ||| FLEEEEING.
  2758 | D:4      | 2758 ||| FLEEEEING.
  2760 | D:4      | 2760 ||| FLEEEEING.
  2761 | D:4      | 2761 ||| FLEEEEING.
  2762 | D:4      | 2762 ||| FLEEEEING.
  2764 | D:4      | 2764 ||| FLEEEEING.
  2765 | D:4      | 2765 ||| FLEEEEING.
  2766 | D:4      | 2766 ||| FLEEEEING.
  2768 | D:4      | 2768 ||| FLEEEEING.
  2769 | D:4      | 2769 ||| FLEEEEING.
  2815 | D:4      | Reached skill level 6 in Axes
  3059 | D:4      | 3059 ||| Stepping ~*~*~tactically~*~*~ (stealth).
  3061 | D:4      | 3061 ||| Stepping ~*~*~tactically~*~*~ (stealth).
  3064 | D:4      | Found a blossoming altar of Fedhas.
  3083 | D:4      | Noticed an oklob plant
  3107 | D:4      | HP: 10/43 [oklob plant/splash of acid (15)]
  3108 | D:4      | Killed from afar by an oklob plant

Levels and vault maps discovered:
D:1:      dreamdust_arrival_sigmund_warning, layout_basic,
          shapermc_ecumenical_altar_notcrosses, serial_shops,
          nicolae_shop_behind_doors, nicolae_shop_tiny_real_fake_doors,
          nicolae_shop_unique_rings, palyth_stone_intersect
D:2:      layout_rooms, serial_shops, shop, minmay_splitting_lines,
          minmay_heptomino_l4, uniq_sigmund, uniq_terence,
          uniq_crazy_yiuf_cottage
D:3:      minmay_evil_eye, layout_loops_ring, mainiacjoe_overflow_tiny_flanked,
          mainiacjoe_overflow_alcove_2, serial_shops,
          nicolae_shop_bloodbath_and_beyond, uniq_robin, uniq_ijyb
D:4:      layout_loops_corners, kennysheep_mini, tgw_fedhas, uniq_edmund

Skill      XL: |  1  2  3  4  5  6  7 |
---------------+----------------------+-----
Axes           | 2 3 5 6 |  6.1
Throwing       | 1 |  1.4
Fighting       | 4 |  4.1
Dodging        | 1 |  1.3
Armour         | |  3.2
Shields        | |  3.2

Action                     |  1- 3 |  4- 6 |  7- 9 || total
---------------------------+-------+-------+-------++-------
  Melee: War axe           |    65 |   171 |    71 ||   307
  Throw: Javelin           |       |    18 |    10 ||    28
         Boomerang         |       |     1 |     2 ||     3
    Use: Scroll            |     2 |     5 |       ||     7
         Potion            |       |     3 |       ||     3
 Armour: Scale mail        |    43 |    92 |    33 ||   168
  Dodge: Dodged            |    34 |    75 |    11 ||   120
  Block: Buckler           |    13 |    26 |     8 ||    47

Table legend:
 A = Non-vault XP
 B = Vault XP
 C = Vault XP percentage of total XP
 D = Non-vault monster count
 E = Vault monster count
 F = Vault count percentage of total count
                 A         B        C        D         E       F
            +---------+---------+-------+---------+---------+-------
      Total |     397 |     352 |  47.0 |      59 |      19 |  24.4
            +---------+---------+-------+---------+---------+-------
        D:1 |      29 |       0 |   0.0 |      10 |       0 |   0.0
        D:2 |      81 |     266 |  76.7 |      23 |       5 |  17.9
        D:3 |      53 |      86 |  61.9 |      14 |      14 |  50.0
        D:4 |     234 |       0 |   0.0 |      12 |       0 |   0.0
            +---------+---------+-------+---------+---------+-------
